 Dungeon Crawl Stone Soup version 0.23-a0-207-g93a313e (webtiles) character file.

70 Mgcat the Firebug (level 4, -7/24 HPs)
             Began as a Gargoyle Fire Elementalist on Sept 24, 2018.
             Mangled by a gnoll
             ... wielding a +2 flail of protection
              (8 damage)
             ... on level 1 of the Dungeon.
             The game lasted 00:03:55 (1518 turns).

Mgcat the Firebug (Gargoyle Fire Elementalist)      Turns: 1518, Time: 00:03:56

Health: -7/24      AC:  5    Str: 12    XL:     4   Next: 21%
Magic:  0/8        EV: 12    Int: 16    God:
Gold:   69         SH:  0    Dex: 10    Spells: 2/8 levels left

rFire    + . .     SeeInvis .   b - +0 club
rCold    + . .     Gourm    .   (no shield)
rNeg     + . .     Faith    .   a - +0 robe
rPois    ∞         Spirit   .   (no helmet)
rElec    +         Reflect  .   (no cloak)
rCorr    .         Harm     .   (no gloves)
MR       .....                  (no boots)
Stlth    ++........             (no amulet)
HPRegen  0.08/turn              i - ring of protection from cold {rC+, !d}
MPRegen  0.11/turn              k - ring of protection from fire {rF+, !d}

@: flying
A: negative energy resistance 1, electricity resistance, unbreathing,
petrification resistance, rot immunity, AC +3
a: no special abilities


You were on level 1 of the Dungeon.
You were very hungry.

You visited 1 branch of the dungeon, and saw 2 of its levels.

You collected 69 gold pieces.

Inventory:

Hand Weapons
 b - a +0 club (weapon)
   (You took it off a hobgoblin on level 1 of the Dungeon)
Armour
 a - a +0 robe (worn)
Jewellery
 i - a ring of protection from cold (left hand) {rC+, !d}
   (You found it on level 1 of the Dungeon)
 k - a ring of protection from fire (right hand) {rF+, !d}
   (You found it on level 2 of the Dungeon)
Scrolls
 g - 2 scrolls of identify {unknown}
 h - a scroll of fear {unknown}
 j - 2 scrolls of teleportation {unknown}
Potions
 e - a potion of flight
 f - a potion of heal wounds {unknown}
Comestibles
 c - 4 rations


   Skills:
 - Level 1.5 Dodging
 - Level 2.1 Stealth
 + Level 2.8 Spellcasting
 + Level 2.6 Conjurations
 + Level 3.7 Fire Magic


You had 2 spell levels left.
You knew the following spells:

 Your Spells              Type           Power        Failure   Level  Hunger
a - Flame Tongue          Conj/Fire      ##...        5%          1    #......
b - Throw Flame           Conj/Fire      ##....       8%          2    ##.....
c - Conjure Flame         Conj/Fire      ##......     16%         3    ###....

Your spell library contained the following spells:

 Spells                   Type           Power        Failure   Level  Hunger
 Inner Flame              Hex/Fire       #.......     26%         3    ###....
 Sticky Flame             Conj/Fire      ##......     45%         4    #####..
 Fireball                 Conj/Fire      ##........   82%         5    ######.


Dungeon Overview and Level Annotations

Branches:
Dungeon (2/15)

Altars:
Okawaru


Innate Abilities, Weirdness & Mutations

You are resistant to torment.
Your stone body is resilient. (AC +3)
You are immune to poison.
You resist negative energy. (rN+)
You are resistant to electric shocks. (rElec)
You can survive without breathing.
You are immune to petrification.
You are immune to rotting.


Message History

The gnoll is too close now for your liking.
Casting: Conjure Flame (safe; 16% risk of failure)
Confirm with . or Enter, or press ? or * to list all spells.
Aiming: Throw Flame (safe; 8% risk of failure)
Press: ? - help, Shift-Dir - straight line, f - gnoll
Aim: a gnoll, wielding a flail of protection (hasn't noticed you)
The puff of flame hits the gnoll.
The gnoll is heavily wounded.
The gnoll shouts!
Casting: Throw Flame (safe; 8% risk of failure)
Confirm with . or Enter, or press ? or * to list all spells.
You can't see any susceptible monsters within range! (Use Z to cast anyway.)
Casting: Throw Flame (safe; 8% risk of failure)
Confirm with . or Enter, or press ? or * to list all spells.
Aiming: Flame Tongue (safe; 5% risk of failure)
Press: ? - help, Shift-Dir - straight line, f/p - gnoll
Aim: a gnoll, wielding a flail of protection (heavily wounded)
The flame tongue hits the gnoll.
The gnoll appears unharmed.
The gnoll is heavily wounded.
Casting: Flame Tongue (safe; 5% risk of failure)
Confirm with . or Enter, or press ? or * to list all spells.
Aiming: Flame Tongue (safe; 5% risk of failure)
Press: ? - help, Shift-Dir - straight line, f/p - gnoll
Aim: a gnoll, wielding a flail of protection (heavily wounded)
The flame tongue misses the gnoll.
Casting: Flame Tongue (safe; 5% risk of failure)
Confirm with . or Enter, or press ? or * to list all spells.
Aiming: Flame Tongue (safe; 5% risk of failure)
Press: ? - help, Shift-Dir - straight line, f/p - gnoll
Aim: a gnoll, wielding a flail of protection (heavily wounded)
The flame tongue hits the gnoll.
The gnoll appears unharmed.
The gnoll is heavily wounded.
The gnoll barely misses you.
Casting: Flame Tongue (safe; 5% risk of failure)
Confirm with . or Enter, or press ? or * to list all spells.
Aiming: Flame Tongue (safe; 5% risk of failure)
Press: ? - help, Shift-Dir - straight line, f/p - gnoll
Aim: a gnoll, wielding a flail of protection (heavily wounded)
The flame tongue hits the gnoll.
The gnoll is heavily wounded.
Casting: Flame Tongue (safe; 5% risk of failure)
Confirm with . or Enter, or press ? or * to list all spells.
Aiming: Flame Tongue (safe; 5% risk of failure)
Press: ? - help, Shift-Dir - straight line, f/p - gnoll
Aim: a gnoll, wielding a flail of protection (heavily wounded)
The flame tongue hits the gnoll.
The gnoll is severely wounded.
The gnoll hits you but does no damage.
Casting: Flame Tongue (safe; 5% risk of failure)
Confirm with . or Enter, or press ? or * to list all spells.
Aiming: Flame Tongue (safe; 5% risk of failure)
Press: ? - help, Shift-Dir - straight line, f/p - gnoll
Aim: a gnoll, wielding a flail of protection (severely wounded)
The flame tongue misses the gnoll.
The gnoll completely misses you.
You hit the gnoll but do no damage.
The gnoll is severely wounded.
The gnoll hits you with a flail of protection.
Casting: Flame Tongue (safe; 5% risk of failure)
Confirm with . or Enter, or press ? or * to list all spells.
Aiming: Flame Tongue (safe; 5% risk of failure)
Press: ? - help, Shift-Dir - straight line, f/p - gnoll
Aim: a gnoll, wielding a flail of protection (severely wounded)
The flame tongue misses the gnoll.
The gnoll hits you with a flail of protection.
You hit the gnoll but do no damage.
The gnoll is severely wounded.
The gnoll barely misses you.
You hit the gnoll but do no damage.
The gnoll is severely wounded.
The gnoll misses you.
You hit the gnoll but do no damage.
The gnoll is severely wounded.
The gnoll hits you but does no damage.
You hit the gnoll but do no damage.
The gnoll is severely wounded.
The gnoll hits you with a flail of protection!
You hit the gnoll but do no damage.
The gnoll is severely wounded.
The gnoll closely misses you.
You barely miss the gnoll.
The gnoll is severely wounded.
The gnoll misses you.
Casting: Flame Tongue (safe; 5% risk of failure)
Confirm with . or Enter, or press ? or * to list all spells.
Aiming: Flame Tongue (safe; 5% risk of failure)
Press: ? - help, Shift-Dir - straight line, f/p - gnoll
Aim: a gnoll, wielding a flail of protection (severely wounded)
The flame tongue hits the gnoll.
The gnoll appears unharmed.
The gnoll is severely wounded.
The gnoll hits you with a flail of protection.
You hit the gnoll but do no damage.
The gnoll is severely wounded.
The gnoll hits you with a flail of protection!
* * * LOW HITPOINT WARNING * * *
Sorry, you're not good enough to have a special ability.
It was a potion of flight.
You feel very buoyant.
You fly up into the air.
The gnoll hits you with a flail of protection!
You die...

#.########.##..###.....#######
#....# #.##..# #.....# #....#
#.##..# #.....# ###....# #.##..#
#.....# #......# #.##..#
#.....####### #......#####.##..#
#)........... #......##..#.##..#
#............ ##....#.....#.##g.#
#............
......+.....#.##@.#######........
##....#....)#.........# #........
#....#.....#.....###.# #........
#....#.....#.....# #.# #........
#............≈...###.# #........
###.#....##.≈.≈......# #........
#.#....#..≈.≈...#### ##....###
#.#####..≈..≈...# #....#
#.#####.≈...≈...#######....#


You could see a gnoll.

Vanquished Creatures
  A worker ant (D:2)
  An adder (D:2)
  A gnoll (D:2)
  An ooze (D:2)
  2 bats (D:1)
  3 goblins
  6 hobgoblins
  3 quokkas (D:2)
  2 frilled lizards (D:1)
  2 kobolds
  A rat (D:1)
23 creatures vanquished.

Notes
Turn   | Place    | Note
-------+----------+-------------------------------------------
     0 | D:1      | Mgcat the Gargoyle Fire Elementalist began the quest for
                  | the Orb.
     0 | D:1      | Reached XP level 1. HP: 10/10 MP: 3/3
   213 | D:1      | Reached XP level 2. HP: 15/15 MP: 3/5
   217 | D:1      | Learned a level 2 spell: Throw Flame
   699 | D:2      | Reached skill level 2 in Conjurations
   699 | D:2      | Reached XP level 3. HP: 15/19 MP: 0/6
   704 | D:2      | Learned a level 3 spell: Conjure Flame
  1035 | D:2      | Found an iron altar of Okawaru.
  1045 | D:2      | Reached XP level 4. HP: 23/24 MP: 6/8
  1214 | D:1      | HP: 2/24 [gnoll/flail of protection (14)]
  1517 | D:1      | HP: 1/24 [gnoll/flail of protection (9)]
  1518 | D:1      | Mangled by a gnoll

Vault maps used:
D:1:      ebering_trefoil_3fold
D:2:      okawaru_metal_pillars_1_2, lemuel_crystal_altar, first_ration

Skill      XL: |  1  2 |
---------------+-------+-----
Conjurations   | 2 |  2.6
Dodging        | |  1.5
Stealth        | |  2.1
Spellcasting   | |  2.8
Fire Magic     | |  3.7

Action                   |  1- 3 |  4- 6 || total
-------------------------+-------+-------++-------
Melee: Club              |    13 |     8 ||    21
 Cast: Flame Tongue      |    39 |    16 ||    55
       Throw Flame       |     4 |     3 ||     7
       Conjure Flame     |       |     2 ||     2
  Use: Potion            |       |     1 ||     1
  Eat: Chunk             |     1 |     1 ||     2
Armor: Robe              |     2 |     1 ||     3
Dodge: Dodged            |    19 |     9 ||    28

Table legend:
 A = Non-vault XP
 B = Vault XP
 C = Vault XP percentage of total XP
 D = Non-vault monster count
 E = Vault monster count
 F = Vault count percentage of total count
                 A         B        C        D         E       F
            +---------+---------+-------+---------+---------+-------
      Total |     100 |       0 |   0.0 |      23 |       0 |   0.0
            +---------+---------+-------+---------+---------+-------
        D:1 |      19 |       0 |   0.0 |      12 |       0 |   0.0
        D:2 |      81 |       0 |   0.0 |      11 |       0 |   0.0
            +---------+---------+-------+---------+---------+-------

Vault maps used:
D:1:      ebering_trefoil_3fold
D:2:      okawaru_metal_pillars_1_2, lemuel_crystal_altar, first_ration

Table legend:
 A = Turns spent in this place as a percentage of turns spent in the entire game.
 B = Non-inter-level travel turns spent in this place as a percentage of non-inter-level travel turns spent in the entire game.
 C = Inter-level travel turns spent in this place as a percentage of turns spent in this place.
 D = Turns resting spent in this place as a percentage of non-inter-level travel turns spent in this place.
 E = Turns spent auto-exploring this place as a percentage of non-inter-level travel turns spent in this place.
 F = Non-inter-level travel turns spent in this place divided by the number of levels of this place that you've seen.
                   A       B       C       D       E      F
               +-------+-------+-------+-------+-------+----------------------
         Total | 100.0 | 100.0 |   3.6 |  18.8 |  58.9 | 732.0
       Dungeon | 100.0 | 100.0 |   3.6 |  18.8 |  58.9 | 732.0
               +-------+-------+-------+-------+-------+----------------------

Table legend:
 A = Kills in this place as a percentage of kills in entire the game.
 B = Kills by you in this place as a percentage of kills by you in the entire game.
 C = Kills by friends in this place as a percentage of kills by friends in the entire game.
 D = Other kills in this place as a percentage of other kills in the entire game.
 E = Experience gained in this place as a percentage of experience gained in the entire game.
 F = Experience gained in this place divided by the number of levels of this place that you have seen.
                   A       B       C       D       E      F
               +-------+-------+-------+-------+-------+----------------------
         Total | 100.0 | 100.0 |   N/A |   N/A | 100.0 |  50.0
       Dungeon | 100.0 | 100.0 |   N/A |   N/A | 100.0 |  50.0
               +-------+-------+-------+-------+-------+----------------------
